 Dungeon Crawl Stone Soup version 0.30-a0-241-g1121274140 (webtiles) character file.

Game seed: 507054461546514286

100843 qw the Severer (level 16, -22/106 HPs)
             Began as a Gargoyle Fighter on Oct 10, 2022.
             Was a High Priest of Okawaru.
             Killed from afar by Nikola (67 damage)
             ... with an arc of chain lightning
             ... on level 2 of the Swamp.
             The game lasted 00:10:32 (22378 turns).

qw the Severer (Gargoyle Fighter)                  Turns: 22378, Time: 00:10:32

Health: -22/106    AC: 45    Str: 31    XL:     16   Next: 28%
Magic:  26/32      EV: 15    Int:  6    God:    Okawaru [*****.]
Gold:   417        SH: 13    Dex:  8    Spells: 15/15 levels left

rFire   + . .      SeeInvis +    A - +5 war axe of the Nurturing Gods {elec, rF+ MP+9 Int+2}
rCold   + . .      Faith    .    D - +0 kite shield
rNeg    + + .      Spirit   .    J - +6 chain mail "Ukoghaemm" {rPois Str+3}
rPois   inf        Reflect  .    q - +2 hat {SInv}
rElec   +          Harm     .    F - +1 cloak
rCorr   +          Rampage  .    L - +3 pair of gauntlets of War {Slay+5}
Will    +++..                    r - +2 pair of boots "Azom" {rN+ rCorr Int-5 Dex+4}
Stlth   ..........               m - amulet of the acrobat
HPRegen 0.37/turn                y - ring "Mothrot" {Wiz rPois rC+ Will++ Dex-5}
MPRegen 0.23/turn                u - +4 ring of evasion

@: heroic, finesse-ful, flying
A: sickness immunity, AC +12, big wings, negative energy resistance 1,
electricity resistance, torment resistance 1, petrification resistance
a: Renounce Religion, Heroism, Finesse, Duel


You were on level 2 of the Swamp.
You worshipped Okawaru.
Okawaru was extremely pleased with you.
You visited 5 branches of the dungeon, and saw 25 of its levels.
You also visited: Gauntlet.

You collected 2927 gold pieces.
You spent 2510 gold pieces at shops.


Innate Abilities, Weirdness & Mutations

You are immune to sickness and miasma.
Your stone body is resilient. (AC +12)
You are immune to poison.
Your large and strong wings let you fly.
You resist negative energy. (rN+)
You are resistant to electric shocks. (rElec)
You are resistant to unholy torment.
You are immune to petrification.


   Skills:
 - Level 14.0(19.0) Fighting
 - Level 16.0(21.0) Axes
 + Level 6.3(11.3) Throwing
 - Level 11.1(16.1) Armour
 - Level 4.1(9.1) Dodging
 - Level 13.5(18.5) Shields
 - Level 10.0 Invocations


You had 15 spell levels left.
You didn't know any spells.
Your spell library was empty.

Inventory:

Hand Weapons
 i - a +4 hand axe of flaming
 A - the +5 war axe of the Nurturing Gods (weapon) {elec, rF+ MP+9 Int+2}
   (Okawaru gifted it to you on level 5 of the Lair of Beasts)

   It occasionally discharges a powerful burst of electricity upon striking a
   foe.
   Int:       It affects your intelligence (+2).
   rF:        It protects you from fire.
   MP:        It affects your magic capacity (+9).
 E - a +2 broad axe of venom
Missiles
 c - 14 boomerangs
 e - 3 boomerangs of dispersal
 C - 14 javelins (quivered)
 M - 2 silver javelins
Armour
 b - a +1 helmet
 f - a +2 plate armour of fire resistance
 q - a +2 hat of see invisible (worn)
 r - the +2 pair of boots "Azom" (worn) {rN+ rCorr Int-5 Dex+4}
   (Okawaru gifted it to you on level 1 of the Lair of Beasts)

   Int:       It affects your intelligence (-5).
   Dex:       It affects your dexterity (+4).
   rN:        It protects you from negative energy.
   rCorr:     It protects you from acid and corrosion.
 v - +0 acid dragon scales
 w - a scarf of resistance
 x - the +0 kite shield of Okawaru's Respect {-Tele Regen+ rCorr Stlth+}
   (Okawaru gifted it to you on level 3 of the Lair of Beasts)

   -Tele:     It prevents most forms of teleportation.
   Regen:     It increases your rate of health regeneration.
   rCorr:     It protects you from acid and corrosion.
   Stlth:     It makes you more stealthy.
 D - a +0 kite shield (worn)
 F - a +1 cloak (worn)
 J - the +6 chain mail "Ukoghaemm" (worn) {rPois Str+3}
   (Okawaru gifted it to you on level 15 of the Dungeon)

   Str:       It affects your strength (+3).
   rPois:     It protects you from poison.
 K - +0 ice dragon scales
 L - the +3 pair of gauntlets of War (worn) {Slay+5}
   (You bought it in a shop on level 2 of the Orcish Mines)

   Slay:      It affects your accuracy & damage with ranged weapons and melee
   (+5).
Jewellery
 h - a ring of ice
 m - an amulet of the acrobat (around neck)
 u - a +4 ring of evasion (right hand)
 y - the ring "Mothrot" (left hand) {Wiz rPois rC+ Will++ Dex-5}
   (You found it in a Gauntlet)

   [ring of wizardry]

   It improves your spell success rate.
   Dex:       It affects your dexterity (-5).
   rC:        It protects you from cold.
   rPois:     It protects you from poison.
   Will:      It greatly increases your willpower.
 B - a ring of protection from cold
 G - a ring of fire
 H - a ring of positive energy
Scrolls
 a - 9 scrolls of identify
 o - 13 scrolls of teleportation
 I - a scroll of enchant weapon
Potions
 d - 4 potions of might
 g - 10 potions of heal wounds
 j - 2 potions of resistance
 k - 5 potions of attraction
 l - 7 potions of curing
 n - a potion of cancellation
 p - 4 potions of lignification
 s - 4 potions of haste
 t - a potion of magic
 z - 2 potions of mutation

Dungeon Overview and Level Annotations

Branches:
Dungeon (15/15)            Temple (1/1) D:4            Lair (5/5) D:9
  Swamp (2/4) Lair:3        Snake (0/4) Lair:2        Slime (0/5) Lair:4
    Orc (2/2) D:10            Elf (0/3) Orc:2        Vaults (0/5) D:14
 Depths (0/4) D:15        Gauntlet (visited)

Altars:
Ashenzari
Cheibriados
Dithmenos
Elyvilon
Fedhas
Gozag
Hepliaklqana
Kikubaaqudgha
Makhleb
Nemelex Xobeh
Okawaru
Qazlal
Ru
Sif Muna
Trog
Uskayaw
Vehumet
Wu Jian
Xom
Yredelemnul
Zin
The Shining One
Jiyva

Shops:
D:1 (   D:3 [   D:10 [   D:14 (   Orc:1 (   Orc:2 (*([

Portals:
Abyss: D:6

Annotations:
D:6 2 transporters, qw's ghost, novice GrFi
D:12 2 transporters, BraveToast's ghost, journeyman FoFi
D:13 3 runed translucent doors, Xyoprad's ghost, journeyman FoFi
Lair:1 2 transporters, qw's ghost, journeyman GrFi
Swamp:2 Nikola


Message History

C - 14 javelins (gained 1)
Found a wand of flame (5).
Found a stone staircase leading down.
M - 2 silver javelins
Enter note: Nikola the Mad Inventor comes into view.
He is wielding a +0 rapier of electrocution.
You see here an amulet of reflection.
22370 ||| INVOKING Heroism.
You gain the combat prowess of a mighty hero.
Nikola casts a spell.
Nikola blinks!
22371 ||| INVOKING Finesse.
You can now deal lightning-fast blows.
Nikola mumbles some strange words.
Lightning arcs from Nikola's hands!
The bolt of lightning hits you! You resist.
A bolt of lightning appears from out of thin air!
The bolt of lightning hits Nikola!
You hear a shout! x2
Nikola mumbles some strange words.
Lightning arcs from Nikola's hands!
The bolt of lightning hits you!!! You resist.
A bolt of lightning appears from out of thin air!
The bolt of lightning hits Nikola.
You hear a shout!
You block Nikola's attack.
You slice Nikola!!
Nikola is lightly wounded.
You hit Nikola.
Nikola is moderately wounded.
You block Nikola's attack.
You slash Nikola!
Nikola is moderately wounded.
You hit Nikola. Lightning courses through Nikola!
Nikola is moderately wounded.
You barely miss Nikola.
Nikola is moderately wounded.
Nikola casts a spell.
Lightning arcs from Nikola's hands!
The bolt of lightning hits you!!! You resist.
Ouch! That really hurt!
You die...

~~~~~~~~~77.%~~~~~~~~
~....~.777.....%..~~~.~
..7.~~.~77.....~.77777.
77.~~~~..~.~..%~.7 ~
7..~~~~~..~~~.7777
7~.~~~~~~7~[..77
7~...¤777.....777
77~....~~.~.~..~7
7.~~@@."7.~~~~~~~..
~~..~~~......~~¤~~.~~
~~..~~.7...~~~~~~.~~~
~~....77~.¤~¤~~~~.7..
.~7~.. 77.~~~~~~~.~.. 7
77¤. 7~.~~¤~~...~7 77
.77...>.../7. . ~~~.~7


You could see Nikola.

Vanquished Creatures
  Gastronok (D:11)
  Frances (Swamp:1)
  A minotaur (Gauntlet)
  Snorg (Lair:5)
  2 fire dragons
  An ettin (Orc:2)
  Erolcha (Orc:1)
  Josephine (Orc:2)
  Fannar (D:12)
  An ice dragon (D:15)
  An ogre mage (D:15)
  Erica (D:10)
  A death knight (D:11)
  8 hydras
  2 boulder beetles
  3 alligators
  5 centaur warriors
  2 dancing weapons (D:14)
  2 tengu warriors
  4 two-headed ogres
  An orc high priest (Orc:1)
  Urug (D:10)
  5 skeletal warriors (D:13)
  2 glowing orange brains (Gauntlet)
  A death drake (Gauntlet)
  A bog body (Swamp:1)
  A swamp dragon (Lair:5)
  A wizard (D:14)
  7 orc knights
  2 deep elf pyromancers
  An oklob plant (Swamp:1)
  2 orc sorcerers (Orc:1)
  2 manticores
  A spectral centaur (Gauntlet)
  14 ugly things
  10 cyclopes
  A centaur zombie (Gauntlet)
  Joseph (D:9)
  8 black mambas
  25 cane toads
  A gargoyle (D:12)
  A guardian serpent (D:14)
  3 torpor snails
  5 rime drakes
  Psyche (D:8)
  An efreet (D:8)
  3 kobold demonologists
  A freezing wraith (D:15)
  A tengu conjurer (D:15)
  A yaktaur (D:12)
  6 komodo dragons
  A troll (shapeshifter) (D:13)
  2 ice devils (D:12)
  14 polar bears
  4 trolls
  3 tyrant leeches (Swamp:1)
  14 blink frogs
  A wolf spider simulacrum (Gauntlet)
  A raiju (Lair:5)
  4 dream sheep
  A centaur simulacrum (Gauntlet)
  36 yaks
  2 wyverns
  8 wraiths
  A vampire (D:11)
  3 basilisks
  Grum (D:8)
  A steam dragon (Lair:5)
  8 wargs
  17 vampire mosquitoes
  4 nagas (Lair:2)
  2 swamp worms (Swamp:1)
  6 acid dragons
  16 hell hounds (Lair:5)
  15 water moccasins
  5 swamp drakes
  2 ice beasts
  39 orc warriors
  A sky beast (D:7)
  A black bear (shapeshifter) (D:15)
  A meliai simulacrum (Gauntlet)
  14 black bears
  9 ogres
  23 wolves
  18 centaurs
  A phantom (D:5)
  5 kobold brigands
  2 necrophages
  8 bullfrogs
  A gnoll sergeant (D:10)
  A cane toad simulacrum (Gauntlet)
  3 scorpions
  5 wights (D:6)
  5 howler monkeys
  7 electric eels
  A crimson imp (D:7)
  12 orc priests
  3 hounds
  7 jellies
  13 iguanas
  23 orc wizards
  A hound skeleton (D:4)
  3 gnolls (D:10)
  9 adders
  3 white imps
  An ufetubus (D:5)
  A worm (D:2)
  2 dart slugs
  66 orcs
  7 endoplasms
  3 giant cockroaches
  9 goblins
  8 hobgoblins
  3 jackals (D:3)
  7 kobolds
  2 quokkas
  5 ball pythons
  7 bats
  4 frilled lizards
  5 rats
672 creatures vanquished.

Vanquished Creatures (others)
  56 fungi
  75 plants
131 creatures vanquished.

Grand Total: 803 creatures vanquished

Notes
Turn   | Place    | Note
-------+----------+-------------------------------------------
     0 | D:1      | qw the Gargoyle Fighter began the quest for the Orb.
     0 | D:1      | Reached XP level 1. HP: 14/14 MP: 1/1
     0 | D:1      | 0 ||| qw: Version: 0.2-a-17-g06abaee
     0 | D:1      | 0 ||| qw: Game counter: 2370
     0 | D:1      | 0 ||| qw: Always use a shield: true
     0 | D:1      | 0 ||| qw: God list: Okawaru
     0 | D:1      | 0 ||| qw: Allow faded altars: false
     0 | D:1      | 0 ||| qw: Do Orc after D:15 true
     0 | D:1      | 0 ||| qw: Do second Lair branch before Depths: true
     0 | D:1      | 0 ||| qw: Lair rune preference: random
     0 | D:1      | 0 ||| qw: Plans: Normal, Zot:1-4, God:TSO, Crypt, Tomb,
                  | Pan, Slime:5, Hells, Abyss, Orb
     0 | D:1      | 0 ||| PLANNING D:1-11
    55 | D:1      | Reached skill level 2 in Axes
    78 | D:1      | 78 ||| Stepping ~*~*~tactically~*~*~ (stealth).
   203 | D:1      | Reached XP level 2. HP: 19/19 MP: 2/2
   224 | D:1      | 224 ||| Stepping ~*~*~tactically~*~*~ (stealth).
   310 | D:1      | 310 ||| DROPPING +0 club.
   387 | D:1      | Found Wuisuav's Weapon Shop.
   395 | D:1      | 395 ||| SHOPLISTING +4 whip of venom (350 gold, have 18).
   415 | D:1      | 415 ||| Stepping ~*~*~tactically~*~*~ (hiding).
   416 | D:1      | 416 ||| Stepping ~*~*~tactically~*~*~ (hiding).
   442 | D:1      | Reached skill level 3 in Axes
   550 | D:1      | Reached XP level 3. HP: 23/23 MP: 3/3
   579 | D:1      | 579 ||| DROPPING ring of magical power.
   580 | D:1      | 580 ||| READING scroll labelled AGHAFU PUISAWK.
   581 | D:1      | 581 ||| READING scroll labelled EGIACK WEGUE.
   582 | D:1      | 582 ||| READING 4 scrolls labelled HINNUM PASENA.
   583 | D:1      | 583 ||| READING 3 scrolls of identify.
   583 | D:1      | 583 ||| IDENTIFYING emerald potion
   584 | D:1      | 584 ||| READING 2 scrolls of identify.
   584 | D:1      | 584 ||| IDENTIFYING ruby potion
   585 | D:1      | 585 ||| DROPPING potion of invisibility.
   732 | D:2      | Reached XP level 4. HP: 28/28 MP: 4/4
   858 | D:2      | 858 ||| Stepping ~*~*~tactically~*~*~ (stealth).
   867 | D:2      | Reached skill level 4 in Axes
   874 | D:2      | 874 ||| Stepping ~*~*~tactically~*~*~ (stealth).
  1153 | D:2      | 1153 ||| UPGRADING to +0 cloak.
  1158 | D:2      | 1158 ||| UPGRADING to +0 pair of gloves.
  1163 | D:2      | 1163 ||| READING 2 scrolls labelled ROAGEI QOYLIAD.
  1164 | D:2      | 1164 ||| READING 3 scrolls labelled URAUQ IMUIRIE.
  1165 | D:2      | 1165 ||| READING scroll labelled BAER TOIPLIPOE.
  1166 | D:2      | 1166 ||| READING scroll labelled CESOLELAYDA.
  1170 | D:2      | 1170 ||| DROPPING scroll of immolation.
  1171 | D:2      | 1171 ||| DROPPING 2 scrolls of amnesia.
  1193 | D:3      | Found a sacrificial altar of Ru.
  1594 | D:3      | Found a bloodstained altar of Trog.
  1705 | D:3      | Found Tutuatha's Armour Boutique.
  1709 | D:3      | 1709 ||| SHOPLISTING +0 plate armour (299 gold, have 155).
  1709 | D:3      | 1709 ||| SHOPLISTING +1 pair of boots of Day {Rampage rElec
                  | rF+++ rC-} (669 gold, have 155).
  1709 | D:3      | 1709 ||| SHOPLISTING +2 ring mail of fire resistance (273
                  | gold, have 155).
  1709 | D:3      | 1709 ||| SHOPLISTING +2 ring mail of willpower (273 gold,
                  | have 155).
  1709 | D:3      | 1709 ||| SHOPLISTING +2 robe of fire resistance (230 gold,
                  | have 155).
  1796 | D:3      | Reached XP level 5. HP: 32/32 MP: 5/5
  1913 | D:3      | 1913 ||| UPGRADING to +2 pair of gloves of dexterity.
  1923 | D:3      | 1923 ||| DROPPING +0 pair of gloves.
  1924 | D:3      | 1924 ||| READING scroll labelled JOYRIW HEOHI.
  1925 | D:3      | 1925 ||| READING scroll labelled UGEUHA ESIYNODA.
  1926 | D:3      | 1926 ||| READING scroll labelled TUUDUDD RIWK.
  1927 | D:3      | 1927 ||| READING 2 scrolls of identify.
  1927 | D:3      | 1927 ||| IDENTIFYING murky sapphire potion
  1944 | D:4      | Found a staircase to the Ecumenical Temple.
  1945 | D:4      | 1945 ||| PLANNING TEMPLE
  1945 | D:4      | 1945 ||| STAIRDANCE
  1949 | D:4      | 1949 ||| STAIRDANCE
  1953 | D:4      | 1953 ||| STAIRDANCE
  1957 | D:4      | 1957 ||| STAIRDANCE
  1962 | D:4      | 1962 ||| STAIRDANCE
  1984 | D:4      | 1984 ||| STAIRDANCE
  1995 | D:4      | 1995 ||| STAIRDANCE
  2018 | D:4      | 2018 ||| STAIRDANCE
  2022 | D:4      | 2022 ||| STAIRDANCE
  2032 | D:4      | 2032 ||| STAIRDANCE
  2036 | D:4      | 2036 ||| STAIRDANCE
  2040 | D:4      | 2040 ||| STAIRDANCE
  2044 | D:4      | 2044 ||| STAIRDANCE
  2048 | D:4      | 2048 ||| STAIRDANCE
  2052 | D:4      | 2052 ||| STAIRDANCE
  2056 | D:4      | 2056 ||| STAIRDANCE
  2065 | D:4      | 2065 ||| STAIRDANCE
  2069 | D:4      | 2069 ||| STAIRDANCE
  2073 | D:4      | 2073 ||| STAIRDANCE
  2077 | D:4      | 2077 ||| STAIRDANCE
  2114 | Temple   | Entered the Ecumenical Temple
  2278 | Temple   | 2278 ||| PLANNING D:1-11
  2322 | D:4      | Noticed an ice beast
  2329 | D:4      | Killed an ice beast
  2330 | D:4      | Reached XP level 6. HP: 37/37 MP: 6/6
  2405 | D:4      | Reached skill level 5 in Axes
  2532 | D:4      | 2532 ||| Stepping ~*~*~tactically~*~*~ (stealth).
  2753 | D:4      | Found a burning altar of Makhleb.
  2977 | D:4      | 2977 ||| READING 2 scrolls labelled TITUNI VOQA.
  2978 | D:4      | 2978 ||| DROPPING scroll of noise.
  2998 | D:5      | Entered Level 5 of the Dungeon
  3002 | D:5      | 3002 ||| STAIRDANCE
  3009 | D:5      | Reached XP level 7. HP: 44/44 MP: 7/7
  3078 | D:5      | Found a shadowy altar of Dithmenos.
  3109 | D:5      | 3109 ||| Stepping ~*~*~tactically~*~*~ (stealth).
  3119 | D:5      | Reached skill level 6 in Axes
  3127 | D:5      | 3127 ||| Stepping ~*~*~tactically~*~*~ (hiding).
  3128 | D:5      | 3128 ||| Stepping ~*~*~tactically~*~*~ (hiding).
  3153 | D:5      | 3153 ||| DROPPING +0 whip.
  3209 | D:5      | 3209 ||| READING scroll of enchant weapon.
  3209 | D:5      | 3209 ||| ENCHANTING +0 spectral war axe.
  3414 | D:5      | 3414 ||| READING scroll labelled XEDIMI IFUICUE.
  3467 | D:6      | 3467 ||| Stepping ~*~*~tactically~*~*~ (stealth).
  3473 | D:6      | Reached skill level 7 in Axes
  3492 | D:6      | 3492 ||| Stepping ~*~*~tactically~*~*~ (hiding).
  3493 | D:6      | 3493 ||| Stepping ~*~*~tactically~*~*~ (hiding).
  3495 | D:6      | 3495 ||| Stepping ~*~*~tactically~*~*~ (hiding).
  3501 | D:6      | Reached XP level 8. HP: 49/49 MP: 8/8
  3503 | D:6      | 3503 ||| Stepping ~*~*~tactically~*~*~ (stealth).
  3506 | D:6      | 3506 ||| Stepping ~*~*~tactically~*~*~ (stealth).
  3527 | D:6      | Found a transporter.
  3562 | D:6      | 3562 ||| FLEEEEING.
  3563 | D:6      | 3563 ||| FLEEEEING.
  3564 | D:6      | 3564 ||| FLEEEEING.
  3565 | D:6      | 3565 ||| FLEEEEING.
  3566 | D:6      | 3566 ||| FLEEEEING.
  3567 | D:6      | 3567 ||| FLEEEEING.
  3568 | D:6      | 3568 ||| FLEEEEING.
  3569 | D:6      | 3569 ||| FLEEEEING.
  3571 | D:6      | 3571 ||| FLEEEEING.
  3572 | D:6      | 3572 ||| FLEEEEING.
  3573 | D:6      | 3573 ||| FLEEEEING.
  3574 | D:6      | 3574 ||| FLEEEEING.
  3575 | D:6      | 3575 ||| FLEEEEING.
  3576 | D:6      | 3576 ||| FLEEEEING.
  3577 | D:6      | 3577 ||| FLEEEEING.
  3578 | D:6      | 3578 ||| FLEEEEING.
  3579 | D:6      | 3579 ||| FLEEEEING.
  3580 | D:6      | 3580 ||| FLEEEEING.
  3581 | D:6      | 3581 ||| FLEEEEING.
  3587 | D:6      | 3587 ||| Stepping ~*~*~tactically~*~*~ (hiding).
  3655 | D:6      | 3655 ||| Stepping ~*~*~tactically~*~*~ (stealth).
  3662 | D:6      | 3662 ||| Stepping ~*~*~tactically~*~*~ (stealth).
  3663 | D:6      | 3663 ||| Stepping ~*~*~tactically~*~*~ (stealth).
  3670 | D:6      | Reached skill level 8 in Axes
  3681 | D:6      | 3681 ||| Stepping ~*~*~tactically~*~*~ (hiding).
  3683 | D:6      | 3683 ||| Stepping ~*~*~tactically~*~*~ (hiding).
  3684 | D:6      | 3684 ||| Stepping ~*~*~tactically~*~*~ (hiding).
  3694 | D:6      | Reached skill level 6 in Fighting
  3773 | D:6      | Noticed qw's ghost (novice GrFi)
  3773 | D:6      | Noticed an ancient zyme
  3884 | D:6      | 3884 ||| FLEEEEING.
  3892 | D:6      | 3892 ||| STAIRDANCE
  3922 | D:5      | 3922 ||| READING scroll labelled NUONLE GOABYOF.
  4080 | D:6      | Found a transporter.
  4109 | D:6      | Found a one-way gate to the infinite horrors of the Abyss.
  4174 | D:7      | Reached skill level 9 in Axes
  4174 | D:7      | Reached XP level 9. HP: 55/55 MP: 9/9
  4555 | D:7      | 4555 ||| Stepping ~*~*~tactically~*~*~ (hiding).
  4624 | D:7      | 4624 ||| UPGRADING to +0 chain mail.
  4634 | D:7      | 4634 ||| DROPPING +0 scale mail.
  4635 | D:7      | 4635 ||| DRINKING 2 white potions.
  4636 | D:7      | 4636 ||| READING 2 scrolls of identify.
  4636 | D:7      | 4636 ||| IDENTIFYING coppery potion
  4637 | D:7      | 4637 ||| DROPPING potion of degeneration.
  4638 | D:7      | 4638 ||| DROPPING potion of brilliance.
  4651 | D:8      | 4651 ||| Stepping ~*~*~tactically~*~*~ (stealth).
  4710 | D:8      | Noticed Psyche
  4721 | D:8      | Killed Psyche
  4783 | D:8      | Found an iron altar of Okawaru.
  4784 | D:8      | 4784 ||| PLANNING OKAWARU WORSHIP
  4784 | D:8      | 4784 ||| UPGRADING to +0 helmet.
  4789 | D:8      | 4789 ||| UPGRADING to ring of positive energy.
  4796 | D:8      | 4796 ||| Stepping ~*~*~tactically~*~*~ (stealth).
  4801 | D:8      | 4801 ||| Stepping ~*~*~tactically~*~*~ (stealth).
  4803 | D:8      | 4803 ||| Stepping ~*~*~tactically~*~*~ (stealth).
  4804 | D:8      | 4804 ||| Stepping ~*~*~tactically~*~*~ (stealth).
  4808 | D:8      | 4808 ||| Stepping ~*~*~tactically~*~*~ (stealth).
  4809 | D:8      | 4809 ||| Stepping ~*~*~tactically~*~*~ (stealth).
  4815 | D:8      | HP: 14/57 [yak (5)]
  4816 | D:8      | 4816 ||| READING 3 scrolls of teleportation.
  4817 | D:8      | 4817 ||| DRINKING 3 potions of heal wounds.
  4923 | D:8      | 4923 ||| Invisible monster not found???
  4945 | D:8      | 4945 ||| Stepping ~*~*~tactically~*~*~ (stealth).
  4947 | D:8      | 4947 ||| Stepping ~*~*~tactically~*~*~ (hiding).
  4949 | D:8      | 4949 ||| Stepping ~*~*~tactically~*~*~ (hiding).
  5054 | D:8      | Became a worshipper of Warmaster Okawaru
  5055 | D:8      | 5055 ||| PLANNING D:1-11
  5113 | D:8      | Reached skill level 1 in Throwing
  5124 | D:8      | Noticed Grum
  5134 | D:8      | Killed Grum
  5135 | D:8      | Reached skill level 10 in Axes
  5135 | D:8      | Reached XP level 10. HP: 43/63 MP: 10/10
  5237 | D:8      | Reached skill level 6 in Armour
  5555 | D:8      | 5555 ||| READING scroll of enchant weapon.
  5555 | D:8      | 5555 ||| ENCHANTING +1 spectral war axe.
  5560 | D:8      | 5560 ||| UPGRADING to scarf of resistance.
  5570 | D:8      | 5570 ||| READING scroll labelled HELOYK EVOC.
  5658 | D:9      | 5658 ||| FLEEEEING.
  5659 | D:9      | 5659 ||| FLEEEEING.
  5660 | D:9      | 5660 ||| FLEEEEING.
  5661 | D:9      | 5661 ||| FLEEEEING.
  5662 | D:9      | 5662 ||| FLEEEEING.
  5663 | D:9      | 5663 ||| FLEEEEING.
  5664 | D:9      | 5664 ||| FLEEEEING.
  5665 | D:9      | 5665 ||| FLEEEEING.
  5666 | D:9      | 5666 ||| FLEEEEING.
  5667 | D:9      | 5667 ||| FLEEEEING.
  5668 | D:9      | 5668 ||| FLEEEEING.
  5669 | D:9      | 5669 ||| FLEEEEING.
  5670 | D:9      | 5670 ||| FLEEEEING.
  5671 | D:9      | 5671 ||| FLEEEEING.
  5673 | D:9      | 5673 ||| FLEEEEING.
  5674 | D:9      | 5674 ||| FLEEEEING.
  5675 | D:9      | 5675 ||| FLEEEEING.
  5676 | D:9      | 5676 ||| FLEEEEING.
  5677 | D:9      | 5677 ||| FLEEEEING.
  5678 | D:9      | 5678 ||| FLEEEEING.
  5679 | D:9      | 5679 ||| FLEEEEING.
  5680 | D:9      | 5680 ||| FLEEEEING.
  5681 | D:9      | 5681 ||| FLEEEEING.
  5682 | D:9      | 5682 ||| FLEEEEING.
  5684 | D:9      | 5684 ||| FLEEEEING.
  5685 | D:9      | 5685 ||| STAIRDANCE
  5762 | D:9      | Found an opulent altar of Gozag.
  5825 | D:9      | Reached * piety under Okawaru
  5831 | D:9      | Reached skill level 1 in Invocations
  5855 | D:9      | 5855 ||| Stepping ~*~*~tactically~*~*~ (stealth).
  5875 | D:9      | 5875 ||| Stepping ~*~*~tactically~*~*~ (stealth).
  5881 | D:9      | Found a staircase to the Lair.
  5886 | D:9      | 5886 ||| INVOKING Heroism.
  5904 | D:9      | 5904 ||| INVOKING Heroism.
  5913 | D:9      | Reached skill level 3 in Invocations
  5914 | D:9      | Noticed a deep elf pyromancer
  5924 | D:9      | Reached ** piety under Okawaru
  5927 | D:9      | 5927 ||| INVOKING Heroism.
  5930 | D:9      | Killed a deep elf pyromancer
  6051 | D:9      | 6051 ||| Stepping ~*~*~tactically~*~*~ (hiding).
  6052 | D:9      | 6052 ||| Stepping ~*~*~tactically~*~*~ (hiding).
  6068 | D:9      | 6068 ||| INVOKING Heroism.
  6087 | D:9      | 6087 ||| READING scroll of enchant weapon.
  6087 | D:9      | 6087 ||| ENCHANTING +2 spectral war axe.
  6107 | D:9      | 6107 ||| READING scroll of enchant armour.
  6107 | D:9      | 6107 ||| ENCHANTING +0 helmet.
  6151 | D:9      | Reached *** piety under Okawaru
  6235 | D:9      | Found a flagged portal.
  6236 | D:9      | 6236 ||| Stepping ~*~*~tactically~*~*~ (water).
  6355 | D:9      | Noticed Joseph
  6356 | D:9      | 6356 ||| Stepping ~*~*~tactically~*~*~ (hiding).
  6365 | D:9      | Killed Joseph
  6366 | D:9      | Reached skill level 11 in Axes
  6699 | D:9      | 6699 ||| PLANNING LAIR
  6699 | D:9      | 6699 ||| UPGRADING to +0 plate armour.
  6709 | D:9      | 6709 ||| DROPPING +0 chain mail.
  6710 | D:9      | 6710 ||| DRINKING 2 metallic puce potions.
  6751 | D:9      | 6751 ||| READING 2 scrolls of identify.
  6751 | D:9      | 6751 ||| IDENTIFYING fuming orange potion
  6752 | D:9      | 6752 ||| DROPPING potion of berserk rage.
  6771 | Lair:1   | Entered Level 1 of the Lair of Beasts
  6805 | Lair:1   | Noticed a cane toad
  6806 | Lair:1   | 6806 ||| INVOKING Heroism.
  6812 | Lair:1   | Killed a cane toad
  6871 | Lair:1   | Noticed a black mamba
  6872 | Lair:1   | 6872 ||| INVOKING Heroism.
  6875 | Lair:1   | Killed a black mamba
  6876 | Lair:1   | Reached XP level 11. HP: 65/69 MP: 11/14
  6903 | Lair:1   | 6903 ||| INVOKING Heroism.
  6905 | Lair:1   | Reached **** piety under Okawaru
  6906 | Lair:1   | Reached skill level 9 in Fighting
  6907 | Lair:1   | 6907 ||| Stepping ~*~*~tactically~*~*~ (stealth).
  6934 | Lair:1   | 6934 ||| INVOKING Heroism.
  7023 | Lair:1   | 7023 ||| INVOKING Heroism.
  7026 | Lair:1   | Reached ***** piety under Okawaru
  7052 | Lair:1   | 7052 ||| INVOKING Heroism.
  7076 | Lair:1   | Reached skill level 6 in Invocations
  7100 | Lair:1   | 7100 ||| Stepping ~*~*~tactically~*~*~ (stealth).
  7102 | Lair:1   | 7102 ||| Stepping ~*~*~tactically~*~*~ (hiding).
  7168 | Lair:1   | 7168 ||| Stepping ~*~*~tactically~*~*~ (stealth).
  7169 | Lair:1   | 7169 ||| Stepping ~*~*~tactically~*~*~ (stealth).
  7173 | Lair:1   | 7173 ||| INVOKING Heroism.
  7199 | Lair:1   | 7199 ||| Stepping ~*~*~tactically~*~*~ (hiding).
  7213 | Lair:1   | 7213 ||| Stepping ~*~*~tactically~*~*~ (stealth).
  7214 | Lair:1   | 7214 ||| Stepping ~*~*~tactically~*~*~ (stealth).
  7216 | Lair:1   | 7216 ||| INVOKING Heroism.
  7323 | Lair:1   | 7323 ||| INVOKING Heroism.
  7470 | Lair:1   | 7470 ||| INVOKING Heroism.
  7477 | Lair:1   | 7477 ||| Stepping ~*~*~tactically~*~*~ (stealth).
  7481 | Lair:1   | Identified the +2 pair of boots "Azom" {rN+ rCorr Int-5
                  | Dex+4} (Okawaru gifted it to you on level 1 of the Lair of
                  | Beasts)
  7481 | Lair:1   | Received a gift from Okawaru
  7549 | Lair:1   | Noticed qw's ghost (journeyman GrFi)
  7570 | Lair:1   | Found a transporter.
  7575 | Lair:1   | Found a transporter.
  7599 | Lair:1   | 7599 ||| Stepping ~*~*~tactically~*~*~ (stealth).
  7601 | Lair:1   | 7601 ||| INVOKING Heroism.
  7606 | Lair:1   | Reached skill level 12 in Axes
  7873 | Lair:1   | 7873 ||| UPGRADING to +2 pair of boots "Azom" {rN+ rCorr
                  | Int-5 Dex+4}.
  7878 | Lair:1   | 7878 ||| DRINKING 2 grey potions.
  7879 | Lair:1   | 7879 ||| READING 2 scrolls of identify.
  7879 | Lair:1   | 7879 ||| IDENTIFYING smoky green potion
  7897 | Lair:2   | 7897 ||| INVOKING Heroism.
  7959 | Lair:2   | 7959 ||| INVOKING Heroism.
  8035 | Lair:2   | 8035 ||| Stepping ~*~*~tactically~*~*~ (stealth).
  8038 | Lair:2   | 8038 ||| INVOKING Heroism.
  8043 | Lair:2   | Reached skill level 3 in Dodging
  8043 | Lair:2   | Reached XP level 12. HP: 76/76 MP: 15/18
  8083 | Lair:2   | 8083 ||| INVOKING Heroism.
  8132 | Lair:2   | 8132 ||| Stepping ~*~*~tactically~*~*~ (hiding).
  8134 | Lair:2   | Found a staircase to the Snake Pit.
  8135 | Lair:2   | 8135 ||| INVOKING Heroism.
  8139 | Lair:2   | 8139 ||| Stepping ~*~*~tactically~*~*~ (hiding).
  8145 | Lair:2   | Reached skill level 9 in Invocations
  8154 | Lair:2   | Reached skill level 9 in Armour
  8223 | Lair:2   | 8223 ||| INVOKING Heroism.
  8368 | Lair:2   | 8368 ||| INVOKING Heroism.
  8380 | Lair:2   | 8380 ||| Stepping ~*~*~tactically~*~*~ (stealth).
  8387 | Lair:2   | Reached skill level 6 in Shields
  8796 | Lair:2   | 8796 ||| READING scroll labelled NYSOEX CATOZ.
  8848 | Lair:3   | 8848 ||| INVOKING Heroism.
  8851 | Lair:3   | 8851 ||| STAIRDANCE
  8884 | Lair:3   | Found a staircase to the Swamp.
  8977 | Lair:3   | 8977 ||| Stepping ~*~*~tactically~*~*~ (stealth).
  8985 | Lair:3   | 8985 ||| INVOKING Heroism.
  8989 | Lair:3   | Identified the +0 kite shield of Okawaru's Respect {-Tele
                  | Regen+ rCorr Stlth+} (Okawaru gifted it to you on level 3
                  | of the Lair of Beasts)
  8989 | Lair:3   | Received a gift from Okawaru
  9235 | Lair:3   | 9235 ||| READING 2 scrolls of identify.
  9235 | Lair:3   | 9235 ||| IDENTIFYING brown potion
  9248 | Lair:4   | 9248 ||| STAIRDANCE
  9250 | Lair:3   | 9250 ||| INVOKING Heroism.
  9254 | Lair:3   | Reached skill level 13 in Axes
  9326 | Lair:4   | Noticed a seven-headed hydra
  9327 | Lair:4   | 9327 ||| INVOKING Heroism.
  9328 | Lair:4   | 9328 ||| INVOKING Finesse.
  9331 | Lair:4   | 9331 ||| SWAPPING to +0 flail.
  9340 | Lair:4   | Killed a seven-headed hydra
  9341 | Lair:4   | Reached XP level 13. HP: 66/82 MP: 13/20
  9341 | Lair:4   | 9341 ||| SWAPPING to +3 spectral war axe.
  9407 | Lair:4   | 9407 ||| INVOKING Heroism.
  9408 | Lair:4   | 9408 ||| INVOKING Finesse.
  9411 | Lair:4   | 9411 ||| SWAPPING to +0 flail.
  9424 | Lair:4   | 9424 ||| SWAPPING to +3 spectral war axe.
  9499 | Lair:4   | Found a viscous altar of Jiyva.
  9499 | Lair:4   | Found a staircase to the Slime Pits.
  9703 | Lair:4   | Identified the +11 hand axe "Herreocs" {spect, Str+2}
  9786 | Lair:4   | 9786 ||| INVOKING Heroism.
  9862 | Lair:4   | 9862 ||| Stepping ~*~*~tactically~*~*~ (stealth).
 10391 | Lair:4   | 10391 ||| DROPPING ring of wizardry.
 10425 | Lair:5   | Entered Level 5 of the Lair of Beasts
 10438 | Lair:5   | 10438 ||| Stepping ~*~*~tactically~*~*~ (stealth).
 10452 | Lair:5   | 10452 ||| FLEEEEING.
 10453 | Lair:5   | 10453 ||| FLEEEEING.
 10454 | Lair:5   | 10454 ||| FLEEEEING.
 10455 | Lair:5   | 10455 ||| FLEEEEING.
 10456 | Lair:5   | 10456 ||| FLEEEEING.
 10457 | Lair:5   | 10457 ||| STAIRDANCE
 10493 | Lair:5   | 10493 ||| STAIRDANCE
 10554 | Lair:5   | Reached skill level 14 in Axes
 10613 | Lair:5   | 10613 ||| INVOKING Heroism.
 10646 | Lair:5   | Noticed Snorg
 10648 | Lair:5   | 10648 ||| INVOKING Heroism.
 10649 | Lair:5   | 10649 ||| INVOKING Finesse.
 10657 | Lair:5   | Killed Snorg
 10745 | Lair:5   | 10745 ||| INVOKING Heroism.
 10789 | Lair:5   | 10789 ||| Stepping ~*~*~tactically~*~*~ (stealth).
 10790 | Lair:5   | 10790 ||| Stepping ~*~*~tactically~*~*~ (stealth).
 10797 | Lair:5   | 10797 ||| Stepping ~*~*~tactically~*~*~ (stealth).
 10798 | Lair:5   | 10798 ||| Stepping ~*~*~tactically~*~*~ (hiding).
 10799 | Lair:5   | 10799 ||| INVOKING Heroism.
 10827 | Lair:5   | 10827 ||| Stepping ~*~*~tactically~*~*~ (water).
 10942 | Lair:5   | Noticed a fire dragon
 10944 | Lair:5   | 10944 ||| INVOKING Heroism.
 10945 | Lair:5   | 10945 ||| INVOKING Finesse.
 10956 | Lair:5   | Killed a fire dragon
 10958 | Lair:5   | Identified the +5 war axe of the Nurturing Gods {elec, rF+
                  | MP+9 Int+2} (Okawaru gifted it to you on level 5 of the
                  | Lair of Beasts)
 10958 | Lair:5   | Received a gift from Okawaru
 10976 | Lair:5   | 10976 ||| Stepping ~*~*~tactically~*~*~ (water).
 10978 | Lair:5   | 10978 ||| INVOKING Heroism.
 10991 | Lair:5   | 10991 ||| SWAPPING to +0 flail.
 10997 | Lair:5   | 10997 ||| INVOKING Finesse.
 11005 | Lair:5   | 11005 ||| SWAPPING to +3 spectral war axe.
 11167 | Lair:5   | 11167 ||| SWAPPING to +5 war axe of the Nurturing Gods
                  | {elec, rF+ MP+9 Int+2}.
 11168 | Lair:5   | 11168 ||| DROPPING +3 spectral war axe.
 11180 | Lair:5   | 11180 ||| INVOKING Heroism.
 11181 | Lair:5   | 11181 ||| SWAPPING to +0 flail.
 11182 | Lair:5   | 11182 ||| INVOKING Finesse.
 11183 | Lair:5   | 11183 ||| Stepping ~*~*~tactically~*~*~ (water).
 11193 | Lair:5   | 11193 ||| SWAPPING to +5 war axe of the Nurturing Gods
                  | {elec, rF+ MP+9 Int+2}.
 11308 | Lair:5   | Identified the +9 rapier of Disgust {venom, Fragile rCorr
                  | Str+5 SInv}
 11486 | Lair:5   | 11486 ||| INVOKING Heroism.
 11802 | Lair:5   | 11802 ||| PLANNING D:1-11
 11826 | Lair:5   | 11826 ||| Stepping ~*~*~tactically~*~*~ (stealth).
 11851 | Lair:5   | 11851 ||| Stepping ~*~*~tactically~*~*~ (hiding).
 11852 | Lair:5   | 11852 ||| INVOKING Heroism.
 11869 | Lair:5   | 11869 ||| Stepping ~*~*~tactically~*~*~ (stealth).
 11870 | Lair:5   | 11870 ||| Stepping ~*~*~tactically~*~*~ (stealth).
 11871 | Lair:5   | 11871 ||| Stepping ~*~*~tactically~*~*~ (hiding).
 11881 | Lair:5   | 11881 ||| Stepping ~*~*~tactically~*~*~ (stealth).
 11904 | Lair:5   | 11904 ||| Stepping ~*~*~tactically~*~*~ (stealth).
 11925 | Lair:5   | 11925 ||| INVOKING Heroism.
 11952 | Lair:5   | 11952 ||| Stepping ~*~*~tactically~*~*~ (stealth).
 11955 | Lair:5   | 11955 ||| INVOKING Heroism.
 12107 | Lair:5   | 12107 ||| INVOKING Heroism.
 12114 | Lair:5   | Gained mutation: Your large and strong wings let you fly.
                  | [Gargoyle growth]
 12114 | Lair:5   | Reached XP level 14. HP: 90/90 MP: 21/21
 12123 | Lair:5   | 12123 ||| Stepping ~*~*~tactically~*~*~ (stealth).
 12138 | Lair:5   | 12138 ||| Stepping ~*~*~tactically~*~*~ (hiding).
 12159 | Lair:5   | 12159 ||| Stepping ~*~*~tactically~*~*~ (stealth).
 12160 | Lair:5   | 12160 ||| Stepping ~*~*~tactically~*~*~ (stealth).
 12176 | Lair:5   | 12176 ||| Stepping ~*~*~tactically~*~*~ (stealth).
 12178 | Lair:5   | 12178 ||| Stepping ~*~*~tactically~*~*~ (stealth).
 12181 | Lair:5   | 12181 ||| Stepping ~*~*~tactically~*~*~ (stealth).
 12189 | Lair:5   | Reached skill level 15 in Axes
 12189 | Lair:5   | 12189 ||| Stepping ~*~*~tactically~*~*~ (stealth).
 12247 | Lair:5   | 12247 ||| INVOKING Heroism.
 12270 | Lair:5   | 12270 ||| Stepping ~*~*~tactically~*~*~ (stealth).
 12378 | Lair:5   | 12378 ||| DROPPING scarf of resistance.
 12379 | Lair:5   | 12379 ||| UPGRADING to +1 buckler of protection.
 12389 | Lair:5   | 12389 ||| DROPPING +0 buckler.
 12390 | Lair:5   | 12390 ||| READING 6 scrolls of identify.
 12390 | Lair:5   | 12390 ||| IDENTIFYING dark potion
 12391 | Lair:5   | 12391 ||| READING 5 scrolls of identify.
 12391 | Lair:5   | 12391 ||| IDENTIFYING fuming white potion
 12392 | Lair:5   | 12392 ||| READING 4 scrolls of identify.
 12392 | Lair:5   | 12392 ||| IDENTIFYING green potion
 12393 | Lair:5   | 12393 ||| READING 3 scrolls of identify.
 12393 | Lair:5   | 12393 ||| IDENTIFYING blue potion
 12394 | Lair:5   | 12394 ||| DROPPING potion of flight.
 12553 | D:10     | Entered Level 10 of the Dungeon
 12559 | D:10     | 12559 ||| STAIRDANCE
 12778 | D:10     | 12778 ||| INVOKING Heroism.
 12928 | D:10     | Noticed Urug
 12929 | D:10     | 12929 ||| INVOKING Heroism.
 12930 | D:10     | 12930 ||| INVOKING Finesse.
 12939 | D:10     | Killed Urug
 12970 | D:10     | 12970 ||| DROPPING +0 flail.
 12975 | D:10     | Found Futazua's Armour Shop.
 12979 | D:10     | 12979 ||| Stepping ~*~*~tactically~*~*~ (hiding).
 12982 | D:10     | Found a staircase to the Orcish Mines.
 13007 | D:10     | 13007 ||| INVOKING Heroism.
 13108 | D:10     | 13108 ||| BUYING +2 hat of see invisible (231 gold).
 13108 | D:10     | Bought a +2 hat of see invisible for 231 gold pieces
 13373 | D:10     | 13373 ||| Stepping ~*~*~tactically~*~*~ (stealth).
 13380 | D:10     | 13380 ||| Stepping ~*~*~tactically~*~*~ (stealth).
 13539 | D:10     | Reached skill level 3 in Throwing
 13576 | D:10     | Noticed Erica
 13577 | D:10     | 13577 ||| INVOKING Heroism.
 13584 | D:10     | 13584 ||| DRINKING 5 potions of curing.
 13584 | D:10     | 13584 ||| (to cure confusion)
 13587 | D:10     | Killed Erica
 13589 | D:10     | 13589 ||| UPGRADING to +2 hat of see invisible.
 13824 | D:11     | 13824 ||| INVOKING Heroism.
 13871 | D:11     | Received a gift from Okawaru
 13909 | D:11     | 13909 ||| READING scroll of enchant armour.
 13909 | D:11     | 13909 ||| ENCHANTING +0 plate armour.
 13951 | D:11     | 13951 ||| Stepping ~*~*~tactically~*~*~ (hiding).
 14197 | D:11     | 14197 ||| Stepping ~*~*~tactically~*~*~ (hiding).
 14205 | D:11     | 14205 ||| INVOKING Heroism.
 14261 | D:11     | 14261 ||| INVOKING Heroism.
 14315 | D:11     | 14315 ||| INVOKING Heroism.
 14317 | D:11     | Reached skill level 12 in Fighting
 14394 | D:11     | 14394 ||| INVOKING Heroism.
 14421 | D:11     | 14421 ||| INVOKING Heroism.
 14474 | D:11     | 14474 ||| INVOKING Heroism.
 14600 | D:11     | Identified the +5 morningstar "Kiusikacs" {vorpal, Drain
                  | rPois rC+ rN+++}
 14606 | D:11     | 14606 ||| DROPPING +0 morningstar.
 14861 | D:11     | Noticed Gastronok
 14876 | D:11     | Killed Gastronok
 14956 | D:11     | 14956 ||| PLANNING D
 14956 | D:11     | 14956 ||| UPGRADING to +2 plate armour of fire resistance.
 14966 | D:11     | 14966 ||| DROPPING +1 plate armour.
 14967 | D:11     | 14967 ||| DROPPING +0 fire dragon scales.
 14968 | D:11     | 14968 ||| UPGRADING to +0 kite shield.
 14978 | D:11     | 14978 ||| DROPPING +1 buckler of protection.
 15014 | D:12     | 15014 ||| PLANNING GAUNTLET
 15025 | D:12     | 15025 ||| Stepping ~*~*~tactically~*~*~ (hiding).
 15040 | D:12     | 15040 ||| Stepping ~*~*~tactically~*~*~ (stealth).
 15180 | D:12     | 15180 ||| Stepping ~*~*~tactically~*~*~ (hiding).
 15219 | D:12     | Found a transporter.
 15222 | D:12     | Noticed BraveToast's ghost (journeyman FoFi)
 15223 | D:12     | Found a transporter.
 15277 | D:12     | Identified the +0 chain mail of the Kettle-Drum {Harm rPois
                  | Dex-2}
 15290 | D:12     | 15290 ||| Stepping ~*~*~tactically~*~*~ (stealth).
 15294 | D:12     | 15294 ||| Stepping ~*~*~tactically~*~*~ (stealth).
 15300 | D:12     | 15300 ||| Stepping ~*~*~tactically~*~*~ (stealth).
 15302 | D:12     | 15302 ||| Stepping ~*~*~tactically~*~*~ (hiding).
 15361 | D:12     | 15361 ||| Stepping ~*~*~tactically~*~*~ (stealth).
 15366 | D:12     | Found a frozen archway.
 15425 | D:12     | Found a gate leading to a gauntlet.
 15426 | D:12     | 15426 ||| DROPPING +0 chain mail of the Kettle-Drum {Harm
                  | rPois Dex-2}.
 15427 | D:12     | 15427 ||| UPGRADING to +4 ring of evasion.
 15436 | Gauntlet | Entered a Gauntlet
 15436 | Gauntlet | Found a transporter.
 15443 | Gauntlet | Found a transporter.
 15447 | Gauntlet | Found a transporter.
 15456 | Gauntlet | Found a transporter.
 15460 | Gauntlet | Found a transporter.
 15468 | Gauntlet | Found a transporter.
 15472 | Gauntlet | Found a transporter.
 15480 | Gauntlet | Found a transporter.
 15484 | Gauntlet | Found a transporter.
 15492 | Gauntlet | Found a transporter.
 15523 | Gauntlet | Found a transporter.
 15535 | Gauntlet | Found a transporter.
 15548 | Gauntlet | Found a transporter.
 15561 | Gauntlet | Found a transporter.
 15591 | Gauntlet | 15591 ||| INVOKING Heroism.
 15723 | Gauntlet | 15723 ||| INVOKING Heroism.
 15724 | Gauntlet | Received a gift from Okawaru
 15741 | Gauntlet | Identified the +6 trident of the Breathing Gods {vorpal,
                  | rElec rF- Int+5 SInv}
 15770 | Gauntlet | Reached skill level 9 in Shields
 15813 | Gauntlet | Identified the ring "Mothrot" {Wiz rPois rC+ Will++ Dex-5}
 15815 | Gauntlet | 15815 ||| UPGRADING to ring "Mothrot" {Wiz rPois rC+ Will++
                  | Dex-5}.
 15824 | Gauntlet | 15824 ||| INVOKING Heroism.
 15907 | Gauntlet | 15907 ||| INVOKING Heroism.
 15909 | Gauntlet | 15909 ||| INVOKING Finesse.
 15920 | Gauntlet | Received a gift from Okawaru
 15946 | Gauntlet | 15946 ||| DROPPING +5 morningstar "Kiusikacs" {vorpal,
                  | Drain rPois rC+ rN+++}.
 15950 | Gauntlet | 15950 ||| SWAPPING to +2 broad axe of electrocution.
 15951 | Gauntlet | 15951 ||| READING scroll of brand weapon.
 15951 | Gauntlet | 15951 ||| BRANDING +2 broad axe of electrocution.
 15952 | Gauntlet | 15952 ||| SWAPPING to +5 war axe of the Nurturing Gods
                  | {elec, rF+ MP+9 Int+2}.
 16022 | D:12     | 16022 ||| PLANNING D
 16110 | D:12     | 16110 ||| Stepping ~*~*~tactically~*~*~ (stealth).
 16118 | D:12     | 16118 ||| FLEEEEING.
 16256 | D:12     | Noticed Fannar
 16265 | D:12     | Killed Fannar
 16357 | D:12     | Reached XP level 15. HP: 91/96 MP: 22/22
 16493 | D:12     | 16493 ||| DROPPING +0 cloak.
 16494 | D:12     | 16494 ||| UPGRADING to +1 cloak.
 16553 | D:13     | 16553 ||| Stepping ~*~*~tactically~*~*~ (hiding).
 16556 | D:13     | 16556 ||| INVOKING Heroism.
 16624 | D:13     | 16624 ||| INVOKING Heroism.
 16633 | D:13     | Received a gift from Okawaru
 16667 | D:13     | 16667 ||| Stepping ~*~*~tactically~*~*~ (stealth).
 16765 | D:13     | Found a runed translucent gate.
 16765 | D:13     | Found a runed translucent gate.
 16766 | D:13     | Found a runed translucent gate.
 16766 | D:13     | Noticed Xyoprad's ghost (journeyman FoFi)
 16980 | D:13     | Identified the +7 spear of Melee {flame, rF+}
 17081 | D:13     | 17081 ||| INVOKING Heroism.
 17098 | D:13     | 17098 ||| Stepping ~*~*~tactically~*~*~ (hiding).
 17106 | D:13     | Reached skill level 12 in Shields
 17257 | D:13     | 17257 ||| READING 7 scrolls of identify.
 17257 | D:13     | 17257 ||| IDENTIFYING bubbling sapphire potion
 17258 | D:13     | 17258 ||| DROPPING potion of ambrosia.
 17292 | D:14     | Found Cusycice's Antique Weapon Shop.
 17378 | D:14     | 17378 ||| Stepping ~*~*~tactically~*~*~ (stealth).
 17379 | D:14     | Found a gate to the Vaults.
 17380 | D:14     | 17380 ||| INVOKING Heroism.
 17398 | D:14     | Received a gift from Okawaru
 17601 | D:14     | 17601 ||| READING scroll labelled YHI MEOWAIHIGH.
 17602 | D:14     | 17602 ||| Stepping randomly (stuck).
 17604 | D:14     | 17604 ||| Stepping randomly (stuck).
 17605 | D:14     | 17605 ||| Stepping randomly (stuck).
 17606 | D:14     | 17606 ||| Stepping randomly (stuck).
 17607 | D:14     | 17607 ||| Stepping randomly (stuck).
 17608 | D:14     | 17608 ||| Stepping randomly (stuck).
 17609 | D:14     | 17609 ||| Stepping randomly (stuck).
 17610 | D:14     | 17610 ||| Stepping randomly (stuck).
 17611 | D:14     | 17611 ||| Stepping randomly (stuck).
 17612 | D:14     | 17612 ||| Stepping randomly (stuck).
 17613 | D:14     | 17613 ||| Stepping randomly (stuck).
 17616 | D:14     | 17616 ||| Stepping randomly (stuck).
 17732 | D:14     | 17732 ||| Stepping ~*~*~tactically~*~*~ (stealth).
 17733 | D:14     | 17733 ||| Stepping ~*~*~tactically~*~*~ (stealth).
 17737 | D:14     | 17737 ||| INVOKING Heroism.
 17987 | D:14     | 17987 ||| FLEEEEING.
 17988 | D:14     | 17988 ||| FLEEEEING.
 17989 | D:14     | 17989 ||| FLEEEEING.
 17990 | D:14     | 17990 ||| FLEEEEING.
 17991 | D:14     | 17991 ||| FLEEEEING.
 17992 | D:14     | 17992 ||| FLEEEEING.
 18006 | D:14     | 18006 ||| FLEEEEING.
 18098 | D:15     | Entered Level 15 of the Dungeon
 18099 | D:15     | 18099 ||| INVOKING Heroism.
 18114 | D:15     | Reached skill level 16 in Axes
 18266 | D:15     | Found Zin's Purification Station.
 18267 | D:15     | Found a glowing silver altar of Zin.
 18272 | D:15     | 18272 ||| Stepping ~*~*~tactically~*~*~ (stealth).
 18274 | D:15     | 18274 ||| INVOKING Heroism.
 18283 | D:15     | Received a gift from Okawaru
 18293 | D:15     | 18293 ||| INVOKING Heroism.
 18405 | D:15     | 18405 ||| BUYING potion of curing (90 gold).
 18405 | D:15     | Bought a potion of curing for 90 gold pieces
 18815 | D:15     | 18815 ||| Stepping ~*~*~tactically~*~*~ (stealth).
 18827 | D:15     | Reached ****** piety under Okawaru
 18827 | D:15     | Identified the +6 chain mail "Ukoghaemm" {rPois Str+3}
                  | (Okawaru gifted it to you on level 15 of the Dungeon)
 18827 | D:15     | Received a gift from Okawaru
 18929 | D:15     | Found a white marble altar of Elyvilon.
 19079 | D:15     | 19079 ||| Stepping ~*~*~tactically~*~*~ (hiding).
 19083 | D:15     | 19083 ||| INVOKING Heroism.
 19098 | D:15     | 19098 ||| Stepping ~*~*~tactically~*~*~ (stealth).
 19180 | D:15     | Found a staircase to the Depths.
 19351 | D:15     | 19351 ||| PLANNING ORC
 19351 | D:15     | 19351 ||| UPGRADING to +6 chain mail "Ukoghaemm" {rPois
                  | Str+3}.
 19457 | Orc:1    | Entered Level 1 of the Orcish Mines
 19457 | Orc:1    | Found Sanyatimn's Weapon Shoppe.
 19458 | Orc:1    | Noticed Erolcha
 19459 | Orc:1    | 19459 ||| INVOKING Heroism.
 19466 | Orc:1    | Killed Erolcha
 19484 | Orc:1    | 19484 ||| Stepping ~*~*~tactically~*~*~ (hiding).
 19485 | Orc:1    | 19485 ||| Stepping ~*~*~tactically~*~*~ (hiding).
 19487 | Orc:1    | 19487 ||| Stepping ~*~*~tactically~*~*~ (hiding).
 19695 | Orc:2    | Entered Level 2 of the Orcish Mines
 19784 | Orc:1    | 19784 ||| INVOKING Heroism.
 19884 | Orc:2    | 19884 ||| INVOKING Heroism.
 19885 | Orc:2    | 19885 ||| INVOKING Finesse.
 19945 | Orc:1    | 19945 ||| INVOKING Heroism.
 20046 | Orc:1    | 20046 ||| Stepping ~*~*~tactically~*~*~ (stealth).
 20047 | Orc:1    | 20047 ||| Stepping ~*~*~tactically~*~*~ (stealth).
 20075 | Orc:1    | 20075 ||| INVOKING Heroism.
 20214 | Orc:1    | 20214 ||| INVOKING Heroism.
 20475 | Orc:2    | 20475 ||| Stepping ~*~*~tactically~*~*~ (hiding).
 20478 | Orc:2    | 20478 ||| Stepping ~*~*~tactically~*~*~ (hiding).
 20480 | Orc:2    | 20480 ||| INVOKING Heroism.
 20499 | Orc:2    | 20499 ||| Stepping ~*~*~tactically~*~*~ (hiding).
 20514 | Orc:2    | Reached skill level 6 in Throwing
 20528 | Orc:2    | Reached XP level 16. HP: 74/104 MP: 23/23
 20530 | Orc:2    | 20530 ||| INVOKING Heroism.
 20538 | Orc:2    | 20538 ||| Stepping ~*~*~tactically~*~*~ (hiding).
 20543 | Orc:2    | 20543 ||| Stepping ~*~*~tactically~*~*~ (hiding).
 20546 | Orc:2    | 20546 ||| Stepping ~*~*~tactically~*~*~ (hiding).
 20547 | Orc:2    | 20547 ||| Stepping ~*~*~tactically~*~*~ (hiding).
 20548 | Orc:2    | 20548 ||| Stepping ~*~*~tactically~*~*~ (hiding).
 20649 | Orc:2    | 20649 ||| Stepping ~*~*~tactically~*~*~ (stealth).
 20667 | Orc:2    | 20667 ||| INVOKING Heroism.
 20670 | Orc:2    | Noticed Josephine
 20685 | Orc:2    | Killed Josephine
 20692 | Orc:2    | Found a staircase to the Elven Halls.
 20862 | Orc:2    | 20862 ||| Stepping ~*~*~tactically~*~*~ (hiding).
 20864 | Orc:2    | 20864 ||| INVOKING Heroism.
 20896 | Orc:2    | Found Irylale's Assorted Antiques.
 20896 | Orc:2    | Found Qugao's Antique Weapon Shop.
 20896 | Orc:2    | Found Toenatos's Antique Armour Boutique.
 20899 | Orc:2    | Found Qephyum's Weapon Shoppe.
 20903 | Orc:2    | 20903 ||| BUYING potion of curing (93 gold).
 20903 | Orc:2    | Bought a potion of curing for 93 gold pieces
 20903 | Orc:2    | 20903 ||| BUYING potion of lignification (93 gold).
 20903 | Orc:2    | Bought a potion of lignification for 93 gold pieces
 20903 | Orc:2    | 20903 ||| BUYING potion of might (124 gold).
 20903 | Orc:2    | Bought a potion of might for 124 gold pieces
 20904 | Orc:2    | 20904 ||| BUYING glowing war axe (156 gold).
 20904 | Orc:2    | Bought a glowing war axe for 156 gold pieces
 20904 | Orc:2    | 20904 ||| BUYING runed war axe (156 gold).
 20904 | Orc:2    | Bought a runed war axe for 156 gold pieces
 20904 | Orc:2    | 20904 ||| DROPPING +2 war axe of freezing.
 20905 | Orc:2    | 20905 ||| DROPPING +3 vorpal war axe.
 20908 | Orc:2    | 20908 ||| BUYING +3 pair of gauntlets of War {Slay+5} (1567
                  | gold).
 20908 | Orc:2    | Bought the +3 pair of gauntlets of War {Slay+5} for 1567
                  | gold pieces
 20908 | Orc:2    | Found the +3 pair of gauntlets of War {Slay+5}
 21010 | Orc:2    | 21010 ||| PLANNING SWAMP:1-3
 21010 | Orc:2    | 21010 ||| UPGRADING to +3 pair of gauntlets of War
                  | {Slay+5}.
 21020 | Orc:2    | 21020 ||| DROPPING +2 pair of gloves of dexterity.
 21174 | Swamp:1  | Entered Level 1 of the Swamp
 21270 | Swamp:1  | 21270 ||| INVOKING Heroism.
 21271 | Swamp:1  | 21271 ||| SWAPPING to +4 hand axe of flaming.
 21276 | Swamp:1  | 21276 ||| SWAPPING to +5 war axe of the Nurturing Gods
                  | {elec, rF+ MP+9 Int+2}.
 21369 | Swamp:1  | 21369 ||| INVOKING Heroism.
 21370 | Swamp:1  | 21370 ||| SWAPPING to +4 hand axe of flaming.
 21379 | Swamp:1  | 21379 ||| SWAPPING to +5 war axe of the Nurturing Gods
                  | {elec, rF+ MP+9 Int+2}.
 21426 | Swamp:1  | Noticed Frances
 21427 | Swamp:1  | 21427 ||| INVOKING Finesse.
 21431 | Swamp:1  | 21431 ||| INVOKING Heroism.
 21441 | Swamp:1  | Killed Frances
 21514 | Swamp:1  | 21514 ||| INVOKING Heroism.
 21686 | Swamp:1  | 21686 ||| INVOKING Heroism.
 21687 | Swamp:1  | 21687 ||| INVOKING Finesse.
 22032 | Swamp:1  | Identified the +1 hat "Tisiaph" {+Blink rElec Dex+2}
 22153 | Swamp:1  | 22153 ||| DROPPING +1 hat "Tisiaph" {+Blink rElec Dex+2}.
 22154 | Swamp:1  | 22154 ||| UPGRADING to amulet of the acrobat.
 22159 | Swamp:1  | 22159 ||| READING 2 scrolls labelled DACIAGA CIET.
 22160 | Swamp:1  | 22160 ||| DROPPING scroll of fear.
 22175 | Swamp:2  | 22175 ||| INVOKING Heroism.
 22176 | Swamp:2  | 22176 ||| SWAPPING to +4 hand axe of flaming.
 22178 | Swamp:2  | 22178 ||| STAIRDANCE
 22183 | Swamp:1  | Received a gift from Okawaru
 22184 | Swamp:1  | 22184 ||| SWAPPING to +5 war axe of the Nurturing Gods
                  | {elec, rF+ MP+9 Int+2}.
 22229 | Swamp:2  | 22229 ||| SWAPPING to +4 hand axe of flaming.
 22233 | Swamp:2  | 22233 ||| SWAPPING to +5 war axe of the Nurturing Gods
                  | {elec, rF+ MP+9 Int+2}.
 22277 | Swamp:2  | 22277 ||| INVOKING Heroism.
 22369 | Swamp:2  | Noticed Nikola
 22370 | Swamp:2  | 22370 ||| INVOKING Heroism.
 22371 | Swamp:2  | 22371 ||| INVOKING Finesse.
 22378 | Swamp:2  | Killed from afar by Nikola

Levels and vault maps discovered:
D:1:      wander_arrival_desolate, layout_rooms, serial_shops, shop,
          nrook_mini_backslash, minmay_pentomino_p2
D:2:      layout_basic
D:3:      layout_basic, mainiacjoe_overflow_catch_the_wave, serial_shops,
          nicolae_shop_advertising_works [nicolae_subvault_shop_adworks],
          serial_bayou_pond_e, kennysheep_generic_room_14
D:4:      layout_basic, makhleb_blood_cavern_becter, temple_fountains,
          grunt_ministairs_4, kennysheep_generic_room_3
D:5:      layout_rooms, nicolae_dithmenos_the_darkroom
D:6:      layout_rooms, gammafunk_ghost_abyssal_escape, st_stairs_9,
          kennysheep_potato
D:7:      layout_rooms, minmay_fire_ice_demons
D:8:      layout_cave_pools, okawaru_trees_1, nrook_mini_vaults, uniq_grum,
          uniq_psyche
D:9:      layout_basic, lemuel_coloured_pillars_altar,
          due_lair_maze_entry_diamond, enter_bailey_3,
          chequers_serial_rivers_marsh, minmay_misc_feat_pillars, uniq_joseph
D:10:     erik_rubicon_b, layout_long_grid, orc_david_3, uniq_urug, uniq_erica
D:11:     layout_basic, minmay_misc_feat_diagonals, minmay_pinched_square,
          uniq_gastronok
D:12:     layout_basic, portal_ice_cave_demonic_guard, gammafunk_ghost_arena,
          gauntlet_entry_generic, uniq_fannar
D:13:     layout_gridville, gammafunk_ghost_split, kennysheep_cluttered_room
D:14:     layout_roguey, erik_vaults_1, reono_crystal_passage, serial_shops,
          shop_fountains, nrook_guardian_serpent_ordinary
D:15:     grunt_enter_depths_hoard, layout_loops_corners, serial_glass,
          glass_columns_a, glass_columns_b, feat_on_display, item_on_display_a,
          nicolae_elyvilon_temple_path, zin_purify
Temple:   nicolae_temple_slightly_damp_pantheon
Lair:1:   layout_roguey, gammafunk_ghost_hive
Lair:2:   layout_regular_city, minmay_snake_entry_guardpost_small
Lair:3:   layout_cave_shapes, minmay_swamp_entry_reptiles, lemuel_fruit_tree
Lair:4:   layout_cave_pods, nicolae_slime_entry_slimehenge, beast_lair_carwin_1,
          grunt_megastairs_5, infiniplex_staircase_pool
Lair:5:   guppyfry_lair_end_dragon, layout_regular_city,
          hangedman_lair_caniforms_friends, grunt_megastairs_4, uniq_snorg
Swamp:1:  layout_basic_swamp, nicolae_swamp_decorative_isthmus, swamp_pool5,
          nicolae_swamp_oklob_treasure_island, uniq_frances
Swamp:2:  layout_basic_swamp, evilmike_swamp_ruin_house_3, swamp_pool2,
          uniq_nikola
Orc:1:    layout_caves, serial_shops, shop, bh_open_orc_temple, uniq_erolcha
Orc:2:    st_orc_rangers, layout_diamond_mine, nicolae_orc_lava_room,
          uniq_josephine

Skill      XL: |  1  2  3  4  5  6  7  8  9 10 11 12 13 14 15 16 |
---------------+-------------------------------------------------+-----
Axes           | 2 3 4 5 7 9 10 11 12 13 14 15 16 | 16.0
Dodging        | 2 3 4 |  4.1
Fighting       | 4 5 6 7 8 9 10 11 12 13 14 | 14.0
Shields        | 4 5 6 7 10 13 | 13.5
Armour         | 5 7 8 9 10 11 | 11.1
Throwing       | 1 2 5 6 |  6.3
Invocations    | 4 8 10 | 10.0

Action                   |  1- 3 |  4- 6 |  7- 9 | 10-12 | 13-15 | 16-18 || total
-------------------------+-------+-------+-------+-------+-------+-------++-------
Melee: War axe           |    84 |    55 |   137 |   293 |  1008 |   136 ||  1713
       Flail             |       |       |       |     7 |    31 |       ||    38
       Hand axe          |       |       |       |       |       |    18 ||    18
Throw: Boomerang         |       |    36 |     8 |    87 |    27 |       ||   158
       Javelin           |       |       |       |       |    83 |    11 ||    94
Invok: Heroism           |       |       |       |    26 |    46 |    11 ||    83
       Finesse           |       |       |       |     1 |     8 |     3 ||    12
  Use: Scroll            |     5 |     9 |     5 |     8 |     8 |     1 ||    36
       Potion            |       |       |     2 |     2 |     1 |       ||     5
 Stab: Distracted        |       |     1 |     2 |     3 |     8 |       ||    14
Armor: Scale mail        |    47 |    22 |    35 |       |       |       ||   104
       Chain mail        |       |       |    11 |    48 |    47 |    81 ||   187
       Plate armour      |       |       |       |    70 |   475 |       ||   545
Dodge: Dodged            |    28 |    16 |    34 |    68 |   365 |    68 ||   579
Block: Buckler           |    10 |     6 |    15 |    52 |   140 |       ||   223
       Kite shield       |       |       |       |       |   269 |   109 ||   378

Table legend:
 A = Non-vault XP
 B = Vault XP
 C = Vault XP percentage of total XP
 D = Non-vault monster count
 E = Vault monster count
 F = Vault count percentage of total count
                 A         B        C        D         E       F
            +---------+---------+-------+---------+---------+-------
      Total |   85603 |   58459 |  40.6 |     433 |     239 |  35.6
            +---------+---------+-------+---------+---------+-------
        D:1 |      35 |       2 |   5.4 |      20 |       2 |   9.1
        D:2 |      71 |       0 |   0.0 |      18 |       0 |   0.0
        D:3 |      87 |       2 |   2.2 |      15 |       1 |   6.2
        D:4 |     233 |     154 |  39.8 |      11 |       5 |  31.2
        D:5 |     500 |       0 |   0.0 |      15 |       0 |   0.0
        D:6 |     810 |     409 |  33.6 |      17 |       6 |  26.1
        D:7 |     557 |      60 |   9.7 |      10 |       2 |  16.7
        D:8 |    1344 |     810 |  37.6 |      12 |       4 |  25.0
        D:9 |    1816 |    1752 |  49.1 |      20 |      14 |  41.2
       D:10 |    3730 |    1783 |  32.3 |      29 |       6 |  17.1
       D:11 |    3378 |    8049 |  70.4 |      15 |      16 |  51.6
       D:12 |    3307 |    1551 |  31.9 |      15 |       3 |  16.7
       D:13 |    9131 |       0 |   0.0 |      22 |       0 |   0.0
       D:14 |    7510 |    2066 |  21.6 |      13 |       3 |  18.8
       D:15 |    9337 |    1775 |  16.0 |      22 |       2 |   8.3
     Lair:1 |    8483 |       0 |   0.0 |      32 |       0 |   0.0
     Lair:2 |    7068 |     643 |   8.3 |      29 |       4 |  12.1
     Lair:3 |    5594 |     473 |   7.8 |      20 |       4 |  16.7
     Lair:4 |    2791 |    4059 |  59.3 |       9 |      16 |  64.0
     Lair:5 |    4313 |   15628 |  78.4 |      10 |      81 |  89.0
    Swamp:1 |    5264 |    2461 |  31.9 |      10 |       5 |  33.3
    Swamp:2 |    3044 |       0 |   0.0 |       6 |       0 |   0.0
      Orc:1 |    4854 |    1823 |  27.3 |      44 |       3 |   6.4
      Orc:2 |    2346 |    7806 |  76.9 |      19 |      45 |  70.3
   Gauntlet |       0 |    7153 | 100.0 |       0 |      17 | 100.0
            +---------+---------+-------+---------+---------+-------
